 Dungeon Crawl Stone Soup version 0.27.1-1-g398f81649c (webtiles) character file.

Game seed: 2318313335141571590

13983 Borgoz the Carver (level 12, -2/115 HPs)
             Began as a Gargoyle Berserker on Sept 19, 2021.
             Was an Elder of Trog.
             Slain by a tengu warrior (12 damage)
             ... led by a tengu conjurer
             ... on level 13 of the Dungeon.
             The game lasted 00:16:45 (12718 turns).

Borgoz the Carver (Gargoyle Berserker)             Turns: 12718, Time: 00:16:46

Health: -2/115     AC: 17    Str: 22    XL:     12   Next: 11%
Magic:  12/12      EV: 16    Int:  8    God:    Trog [****..]
Gold:   430        SH:  0    Dex: 19    Spells: 11/11 levels left

rFire    + + .     SeeInvis +   b - +2 scimitar
rCold    + . .     Faith    .   (no shield)
rNeg     + . .     Spirit   .   s - +0 troll leather armour
rPois    ∞         Reflect  .   H - +0 hat {SInv}
rElec    +         Harm     .   p - scarf {rC+ rF+}
rCorr    .         Rampage  .   d - +1 pair of gloves
Will     .....                  (no boots)
Stlth    ..........             (no amulet)
HPRegen  0.29/turn              h - ring of protection from fire
MPRegen  0.13/turn              i - +6 ring of dexterity

@: berserking, very quick
A: sickness immunity, AC +8, negative energy resistance 1, electricity
resistance, torment resistance 1, petrification resistance
a: Renounce Religion, Berserk, Trog's Hand, Brothers in Arms


You were on level 13 of the Dungeon.
You worshipped Trog.
Trog was greatly pleased with you.
You visited 1 branch of the dungeon, and saw 11 of its levels.

You collected 558 gold pieces.
You spent 128 gold pieces at shops.

Inventory:

Hand Weapons
 a - a +1 falchion of flaming
 b - a +2 scimitar (weapon)
 x - a +4 great sword
 G - a +3 great sword of freezing
Missiles
 t - 2 throwing nets (quivered)
Armour
 d - a +1 pair of gloves (worn)
 k - a scarf of repulsion
 p - a scarf of resistance (worn)
 s - a +0 troll leather armour (worn)
 B - a +0 ring mail
 H - a +0 hat of see invisible (worn)
Jewellery
 h - a ring of protection from fire (left hand)
 i - a +6 ring of dexterity (right hand)
 D - a +6 ring of intelligence
Wands
 v - a wand of digging (19)
 w - a wand of paralysis (1)
 y - a wand of flame (13)
Scrolls
 f - 4 scrolls of blinking
 j - a scroll of teleportation
 E - a scroll of enchant armour
 F - a scroll of fog
Potions
 c - 5 potions of flight
 e - 2 potions of cancellation
 g - 3 potions of magic
 l - a potion of ambrosia
 m - 3 potions of curing
 n - 3 potions of attraction {unknown}
 o - 2 potions of heal wounds
 q - a potion of mutation
 r - 2 potions of berserk rage
 z - 2 potions of resistance


   Skills:
 + Level 10.0 Fighting
 * Level 11.4 Long Blades
 + Level 9.7 Armour
 + Level 7.4 Dodging


You had 11 spell levels left.
You didn't know any spells.
Your spell library was empty.

Dungeon Overview and Level Annotations

Branches:
Dungeon (10/15)            Temple (0/1) D:4
   Lair: D:8-11         Orc: D:9-12

Altars:
Ashenzari
Cheibriados
Dithmenos
Elyvilon
Fedhas
Gozag
Hepliaklqana
Kikubaaqudgha
Nemelex Xobeh
Trog
Xom

Shops:
D:6 *   D:10 ?


Innate Abilities, Weirdness & Mutations

You are immune to sickness and miasma.
Your stone body is resilient. (AC +8)
You are immune to poison.
You resist negative energy. (rN+)
You are resistant to electric shocks. (rElec)
You are resistant to unholy torment.
You are immune to petrification.


Message History

The tengu warrior hits you but does no damage.
The tengu warrior barely misses you. The tengu warrior closely misses you.
You barely miss the tengu warrior.
The tengu warrior is moderately wounded.
You feel the effects of Trog's Hand fading.
The tengu warrior hits you but does no damage.
The tengu warrior pecks you but does no damage.
The tengu warrior barely misses you.
You hit the tengu warrior but do no damage.
The tengu warrior is moderately wounded.
The tengu warrior hits you but does no damage.
The tengu warrior pecks you but does no damage.
The tengu warrior barely misses you.
You hit the tengu warrior.
The tengu warrior is moderately wounded.
The tengu warrior hits you with a +0 broad axe!
The tengu warrior pecks you. The tengu warrior claws you.
You closely miss the tengu warrior.
The tengu warrior is moderately wounded.
The tengu warrior closely misses you.
The tengu warrior pecks you but does no damage.
The tengu warrior claws you but does no damage.
You closely miss the tengu warrior.
The tengu warrior is moderately wounded.
You hit the tengu warrior.
The tengu warrior is moderately wounded.
The tengu warrior hits you with a +0 broad axe.
The tengu warrior pecks you but does no damage.
The tengu warrior closely misses you.
You hit the tengu warrior.
The tengu warrior is heavily wounded.
The tengu warrior hits you with a +0 broad axe!!
* * * LOW HITPOINT WARNING * * *
The tengu warrior barely misses you. The tengu warrior claws you.
* * * LOW HITPOINT WARNING * * *
A red film seems to cover your vision as you go berserk!
You feel yourself moving faster!
You feel mighty!
Your skin stops crawling.
You feel less strong-willed.
The tengu warrior hits you with a +0 broad axe!
You die...

....## .# ..?# .#
######.##.# #.
#.........# #.#
#.####.#..#..# #.
##.#(†.#..#
##.##.........#
#....#Q###.#.#.#
##.#..##@.##.##.#
#....|....#.(...# #
#..#>..##†.#.#.....
#...##.##.#..###
.....##.†.....#
(.##.#.#####.#.##
.. ..#.# #.#.# ?
####.# #<. . ..#
###.##


You could see a tengu warrior.

Vanquished Creatures
  Gastronok (D:9)
  A hydra (D:6)
  A centaur warrior (D:13)
  A two-headed ogre (D:9)
  A tengu warrior (D:8)
  A harpy (shapeshifter) (D:13)
  An ugly thing (D:9)
  2 cyclopes (D:13)
  Joseph (D:7)
  A gargoyle (D:7)
  Maggie (D:6)
  An unseen horror (D:9)
  A tengu conjurer (D:13)
  A troll (D:13)
  A hornet (D:9)
  Grinder (D:3)
  Prince Ribbit (D:7)
  Sigmund (D:3)
  A vampire (D:9)
  A yak (D:9)
  A wraith (D:7)
  A wyvern (D:8)
  Menkaure (D:6)
  Grum (D:8)
  4 vampire mosquitoes
  Duvessa (D:7)
  2 water moccasins
  2 orc warriors
  A hornet zombie (D:6)
  An ice beast (D:7)
  3 black bears
  A necrophage (D:7)
  A sky beast (D:7)
  2 ogres (D:5)
  4 wolves (D:8)
  5 centaurs
  3 kobold brigands
  2 gnoll sergeants (D:9)
  2 bullfrogs
  A wyvern zombie (D:6)
  A scorpion (D:5)
  Dowan (D:7)
  4 killer bees (D:9)
  A howler monkey (D:9)
  15 wights
  9 centaur zombies
  A bullfrog zombie (D:7)
  4 iguanas
  7 orc priests
  A gnoll shaman (D:8)
  3 hounds
  Crazy Yiuf (D:2)
  A centaur skeleton (D:7)
  A bullfrog skeleton (D:5)
  6 orc wizards
  A hound zombie (D:5)
  A hound skeleton (D:2)
  2 howler monkey zombies
  6 gnolls
  5 adders
  2 white imps
  A worm (D:8)
  2 dart slugs
  22 orcs
  6 ball pythons
  5 endoplasms
  2 giant cockroaches
  8 goblins
  4 hobgoblins
  4 jackals (D:4)
  2 quokkas (D:2)
  2 bats (D:1)
  3 frilled lizards
  20 kobolds
  3 rats
217 creatures vanquished.

Vanquished Creatures (others)
  A quokka (D:7)
  5 toadstools (D:1)
6 creatures vanquished.

Grand Total: 223 creatures vanquished

Notes
Turn   | Place    | Note
-------+----------+-------------------------------------------
     0 | D:1      | Borgoz the Gargoyle Berserker began the quest for the Orb.
     0 | D:1      | Reached XP level 1. HP: 14/14 MP: 1/1
   297 | D:1      | Found a faded altar of an unknown god.
   301 | D:1      | Reached XP level 2. HP: 19/19 MP: 2/2
   397 | D:1      | Reached skill level 3 in Long Blades
  1054 | D:1      | Reached XP level 3. HP: 23/23 MP: 3/3
  1510 | D:2      | Reached ** piety under Trog
  1930 | D:2      | Found a runed translucent door.
  1931 | D:2      | Noticed Crazy Yiuf
  2027 | D:2      | Reached XP level 4. HP: 29/29 MP: 4/4
  2428 | D:2      | Killed Crazy Yiuf
  2534 | D:3      | Noticed Grinder
  2541 | D:3      | Paralysed by Grinder for 4 turns
  2547 | D:3      | Killed Grinder
  2548 | D:3      | Reached skill level 4 in Long Blades
  2548 | D:3      | Reached XP level 5. HP: 22/34 MP: 5/5
  2548 | D:3      | Reached XP level 6. HP: 25/39 MP: 6/6
  2792 | D:3      | Found a blossoming altar of Fedhas.
  2927 | D:3      | Found an ancient bone altar of Kikubaaqudgha.
  3099 | D:3      | Noticed Sigmund
  3106 | D:3      | Killed Sigmund
  3107 | D:3      | Reached XP level 7. HP: 44/44 MP: 7/7
  3222 | D:4      | Reached skill level 5 in Long Blades
  3453 | D:4      | Found a hazy altar of Hepliaklqana.
  3521 | D:4      | Found a bloodstained altar of Trog.
  3615 | D:4      | Found a staircase to the Ecumenical Temple.
  4071 | D:5      | Entered Level 5 of the Dungeon
  4227 | D:5      | Reached skill level 5 in Fighting
  4495 | D:5      | Found a broken altar of Ashenzari.
  4629 | D:5      | Reached XP level 8. HP: 49/49 MP: 8/8
  4697 | D:5      | Reached skill level 6 in Long Blades
  4997 | D:5      | Reached skill level 5 in Armour
  5134 | D:6      | Noticed Menkaure
  5139 | D:6      | Killed Menkaure
  5209 | D:6      | Reached *** piety under Trog
  5267 | D:6      | Found an opulent altar of Gozag.
  5269 | D:6      | Found Gozag's Platinum Reserve.
  5382 | D:6      | Found a sparkling altar of Nemelex Xobeh.
  5834 | D:6      | Noticed Maggie
  5852 | D:6      | Killed Maggie
  5853 | D:6      | Reached skill level 7 in Long Blades
  5853 | D:6      | Reached XP level 9. HP: 31/56 MP: 9/9
  5945 | D:6      | Noticed a seven-headed hydra
  6543 | D:6      | Killed a one-headed hydra
  6544 | D:6      | Reached skill level 8 in Long Blades
  6544 | D:6      | Reached skill level 5 in Dodging
  7058 | D:7      | Noticed Prince Ribbit
  7079 | D:7      | Killed Prince Ribbit
  7080 | D:7      | Reached XP level 10. HP: 63/63 MP: 10/10
  7230 | D:7      | Found a white marble altar of Elyvilon.
  7242 | D:7      | Noticed a gargoyle
  7260 | D:7      | Killed a gargoyle
  7500 | D:7      | Reached skill level 9 in Long Blades
  7524 | D:7      | Noticed Dowan
  7525 | D:7      | Noticed Duvessa
  7525 | D:7      | Noticed Joseph
  7553 | D:7      | Killed Duvessa
  7559 | D:7      | Killed Joseph
  7581 | D:7      | Killed Dowan
  8237 | D:8      | You fall into a shaft and drop 1 floor!
  9000 | D:8      | Noticed Grum
  9013 | D:8      | Killed Grum
  9047 | D:8      | Reached **** piety under Trog
  9474 | D:8      | Found a shadowy altar of Dithmenos.
  9643 | D:8      | Found a shimmering altar of Xom.
 10034 | D:8      | Found a snail-covered altar of Cheibriados.
 10099 | D:9      | Noticed Gastronok
 10116 | D:9      | Killed Gastronok
 10117 | D:9      | Reached skill level 10 in Long Blades
 10117 | D:9      | Reached XP level 11. HP: 50/71 MP: 11/11
 10665 | D:9      | Noticed a tengu warrior
 10743 | D:8      | Killed a tengu warrior
 11413 | D:9      | Noticed a brown ugly thing
 11432 | D:9      | Killed a brown ugly thing
 11868 | D:9      | Noticed a two-headed ogre
 11873 | D:9      | Killed a two-headed ogre
 11874 | D:9      | Reached skill level 11 in Long Blades
 12395 | D:10     | Entered Level 10 of the Dungeon
 12395 | D:10     | Found Tugael's Magic Scroll Boutique.
 12403 | D:10     | Bought a scroll of identify for 32 gold pieces
 12403 | D:10     | Bought a scroll of identify for 32 gold pieces
 12403 | D:10     | Bought a scroll of identify for 32 gold pieces
 12403 | D:10     | Bought a scroll of identify for 32 gold pieces
 12446 | D:10     | You fall into a shaft and drop 3 floors!
 12446 | D:13     | Noticed a boulder beetle
 12446 | D:13     | Noticed a tengu warrior
 12451 | D:13     | Noticed a centaur warrior
 12452 | D:13     | Found a broken altar of Ashenzari.
 12455 | D:13     | Noticed a cyclops
 12459 | D:13     | HP: 2/106 [cyclops (7)]
 12461 | D:13     | Killed a cyclops
 12465 | D:13     | Killed a centaur warrior
 12486 | D:13     | Noticed a harpy
 12495 | D:13     | Killed a harpy
 12510 | D:13     | Noticed a cyclops
 12515 | D:13     | Killed a cyclops
 12516 | D:13     | Reached XP level 12. HP: 28/77 MP: 12/12
 12535 | D:13     | Reached skill level 10 in Fighting
 12718 | D:13     | Slain by a tengu warrior

Illustrated notes

Levels and vault maps discovered:
D:1:      ldierk_walled_garden, layout_loops_ring,
          shapermc_ecumenical_altar_pompeii, st_stairs_1
D:2:      layout_basic, amcnicky_mini_rare_corridor_liquid,
          kennysheep_generic_room_6, uniq_crazy_yiuf_cottage
D:3:      layout_rooms, lemuel_doored_altar, mainiacjoe_overflow_boulevard,
          uniq_sigmund, uniq_grinder
D:4:      layout_cave_pools, nicolae_hepliaklqana_hazy_memory,
          amcnicky_altar_gilded, lemuel_temple_firewalk_b
D:5:      layout_gridville, grunt_ashenzari_visionary
          [grunt_ashenzari_visionary_shoals, grunt_ashenzari_visionary_snake]
D:6:      layout_rooms, nemelex_xobeh_ov_fountains_minmay,
          nicolae_gozag_zags_fifth_avenue, serial_park_tiny_pond, uniq_menkaure,
          uniq_maggie
D:7:      layout_rooms, elyvilon_altar_4, uniq_duvessa, uniq_joseph,
          uniq_prince_ribbit1
D:8:      layout_loops_corners, chei_slow_surprise,
          nicolae_overflow_crystal_walls, xom_butterflies, uniq_grum
D:9:      minmay_bloctagon, layout_loops_corners, uniq_gastronok
D:10:     layout_gridville, due_lair_maze_entry_diamond, nicolae_stop_n_shop_2,
          uniq_sonja, uniq_erica
D:13:     layout_loops_ring, evilmike_ruin_ashenzari

Skill      XL: |  1  2  3  4  5  6  7  8  9 10 11 12 |
---------------+-------------------------------------+-----
Long Blades    | 3 4 5 7 8 10 11 | 11.4
Dodging        | 2 3 4 5 6 7 |  7.4
Armour         | 3 4 6 7 8 9 |  9.7
Fighting       | 4 5 6 7 9 10 | 10.0

Action                   |  1- 3 |  4- 6 |  7- 9 | 10-12 || total
-------------------------+-------+-------+-------+-------++-------
Melee: Falchion          |    83 |    41 |   262 |   408 ||   794
       Scimitar          |       |       |       |   140 ||   140
Throw: Throwing net      |       |       |       |     1 ||     1
Invok: Berserk           |       |     3 |     8 |    11 ||    22
       Trog's Hand       |       |       |     1 |     9 ||    10
Evoke: Wand              |       |       |       |     6 ||     6
  Use: Scroll            |     1 |     6 |     8 |    11 ||    26
       Potion            |       |       |       |     1 ||     1
 Stab: Sleeping          |       |       |     1 |       ||     1
       Held in net/web   |       |       |       |     4 ||     4
       Paralysed         |       |       |       |     2 ||     2
Armor: Animal skin       |    27 |    10 |   102 |       ||   139
       Ring mail         |       |       |    27 |   313 ||   340
       Troll leather arm |       |       |       |    15 ||    15
Dodge: Dodged            |    40 |    24 |   191 |   458 ||   713
       Rpst.: Falchion   |    19 |     6 |    51 |    93 ||   169
       Scimitar          |       |       |       |    38 ||    38
